 Dungeon Crawl Stone Soup version 0.19-a0-1468-ge013c26 (webtiles) character file.

26 jacquesderrida the Magician (level 3, -3/18 HPs)
             Began as a Vine Stalker Wanderer on Sept 7, 2016.
             Slain by confidenceinterval's ghost (12 damage)
             ... on level 5 of the Dungeon.
             The game lasted 00:04:15 (566 turns).

jacquesderrida the Magician (Vine Stalker Wanderer)  Turns: 566, Time: 00:04:16

Health: -3/18      AC:  3    Str: 14    XL:     3   Next: 8%
Magic:  0/8        EV: 10    Int: 14    God:
Gold:   66         SH:  0    Dex: 12    Spells: 0 memorised, 8 levels left

rFire  . . .     SeeInvis .     b - +0 spear
rCold  . . .     Gourm    .     e - +0 leather armour
rNeg   . . .     Faith    .     (no shield)
rPois  .         Spirit   +     (no helmet)
rElec  .         Dismiss  .     (no cloak)
rCorr  .         Reflect  .     (no gloves)
MR     .....     Harm     .     (no boots)
Stlth  +.........               (no amulet)
                                (no ring)
                                (no ring)

@: no status effects
A: fangs 2, magic shield, antimagic bite, no device heal 3, rot immunity
a: no special abilities


You were on level 5 of the Dungeon.
You were not hungry.

You visited 1 branch of the dungeon, and saw 6 of its levels.

You collected 66 gold pieces.

Inventory:

Hand Weapons
 a - a +2 blowgun
 b - a +0 spear (weapon)
Missiles
 h - a curare-tipped needle
 t - 16 poisoned needles
Armour
 d - a +0 robe
 e - a +0 leather armour (worn)
Scrolls
 i - a scroll of teleportation {unknown}
 j - 2 scrolls of identify {unknown}
 l - a scroll of fog {unknown}
 m - a scroll of random uselessness {unknown}
 n - a scroll of recharging {unknown}
 p - a scroll of magic mapping {unknown}
 q - 2 scrolls of remove curse {unknown}
Potions
 c - a potion of curing
 k - a potion of lignification {unknown}
 r - a potion of heal wounds
Comestibles
 f - a bread ration
 g - a slice of pizza
 o - a meat ration
 s - 2 chunks of flesh


   Skills:
 + Level 1.1 Fighting
 - Level 1.0 Throwing
 - Level 2.4 Armour
 - Level 1.2 Stealth
 * Level 2.0 Unarmed Combat
 - Level 3.2 Spellcasting
   Level 2.0 Conjurations


You had 8 spell levels left.
You didn't know any spells.

Dungeon Overview and Level Annotations

Branches:
Dungeon (6/15)
 Temple: D:4-7

Altars:

Annotations:
D:4 Legolas's ghost, amateur HEFi
D:5 confidenceinterval's ghost, novice GrFi


Innate Abilities, Weirdness & Mutations

You have extremely sharp teeth.
When hurt, damage is shared between your health and your magic reserves.
Your bite disrupts and absorbs the magic of your enemies.
Potions and wands cannot restore your health.
You are immune to rotting.


Message History

You hit the orc.
You kill the orc!
You see here a whip.
Found 16 poisoned needles.
t - 16 poisoned needles Confidenceinterval's ghost (novice Gargoyle Fighter) comes into view.
(D) Dungeon
Where to? (Enter - D:4, ? - help)
There is a stone staircase leading down here.
You climb downwards.
An ogre comes into view. It is wielding a giant club.
There is a stone staircase leading up here.
You climb upwards.
Level annotation: confidenceinterval's ghost, novice GrFi
There is a stone staircase leading down here.
Confidenceinterval's ghost turns its malevolent gaze towards you.
You hit confidenceinterval's ghost but do no damage.
Confidenceinterval's ghost hits you!!
Ouch! That really hurt!
You die...

#.##.##.# ...
#.......### ####......#
#.#.##.# #>#.##.#
#.#..#.# #.##.#.#
#.##.#.# #.@W...#
#######.####.. ###
#.............. ..
#.###...##.#...
#.######.###...# #
#####.#........#.....
......<.####.#.#...##.#
#####.### #.#(#...# #
#. #.. .....


You could see confidenceinterval's ghost.

Vanquished Creatures
  An adder (D:5)
  A giant gecko (D:1)
  An orc (D:5)
  3 goblins
  A hobgoblin (D:2)
  3 jackals (D:2)
  A bat (D:1)
  A giant newt (D:2)
  A kobold (D:3)
  2 rats
15 creatures vanquished.

Notes
Turn   | Place    | Note
-------+----------+-------------------------------------------
     0 | D:1      | jacquesderrida the Vine Stalker Wanderer began the quest for the Orb.
     0 | D:1      | jacquesderrida set off with: a curare-tipped needle, a +2 blowgun, a potion of curing, a +0 robe, a bread ration
     0 | D:1      | Reached XP level 1. HP: 9/9 MP: 5/5
   141 | D:2      | Reached skill level 1 in Unarmed Combat
   146 | D:2      | Reached XP level 2. HP: 14/14 MP: 7/7
   306 | D:3      | Reached skill level 1 in Fighting
   412 | D:4      | Noticed Legolas's ghost (amateur HEFi)
   430 | D:5      | Entered Level 5 of the Dungeon
   457 | D:5      | HP: 1/21 [adder (2)]
   458 | D:5      | Reached XP level 3. HP: 1/18 MP: 6/8
   540 | D:5      | Noticed confidenceinterval's ghost (novice GrFi)
   559 | D:6      | Noticed an ogre
   566 | D:5      | Slain by confidenceinterval's ghost

Vault maps used:
D:1:      lemuel_arrival_funnel
D:2:      first_bread
D:3:      roderic_lattice_a
D:4:      minmay_fountain_box
D:5:      serial_shops, shop, minmay_statues_item, grunt_gozag_statues

Skill      XL: |  1  2 |
---------------+-------+-----
Unarmed Combat | 1 2 |  2.0
Fighting       | 1 |  1.1
Throwing       | |  1.0
Armour         | |  2.4
Stealth        | |  1.2
Spellcasting   | |  3.2
Conjurations   | |  2.0

Action                   || total
-------------------------++-------
Melee: Spear             ||    57
       Bite              ||     7
 Fire: Blowgun           ||     1
  Use: Potion            ||     3
 Stab: Sleeping          ||     1
Armor: Leather armour    ||    14
Dodge: Dodged            ||    31
